 Dungeon Crawl Stone Soup version 0.28-a0-94-g325244837d (webtiles) character file.

Game seed: 6331438777206462729

51 Leeroy the Slasher (level 4, 0/33 HPs)
             Began as a Djinni Warper on Aug 7, 2021.
             Was a Follower of Zin.
             Slain by a hobgoblin (4 damage)
             ... on level 2 of the Dungeon.
             The game lasted 00:02:17 (1611 turns).

Leeroy the Slasher (Djinni Warper)                  Turns: 1611, Time: 00:02:17

Health: 0/33       AC:  3    Str: 10    XL:     4   Next: 5%
Gold:   47         EV: 11    Int: 16    God:    Zin [*.....] SH:  0 Dex: 12

rFire   + + .      SeeInvis .   a - +0 falchion
rCold   x . .      Faith    .   (no shield)
rNeg    . . .      Spirit   .   b - +0 leather armour
rPois   ∞          Reflect  .   (no helmet)
rElec   .          Harm     .   (no cloak)
rCorr   .          Rampage  .   (no gloves)
Will    +....                   (boots unavailable)
Stlth   +.........              (no amulet)
HPRegen 0.11/turn               f - ring of willpower
MPRegen 0.00/turn               (no ring)

@: flying
A: sickness immunity, fire resistance 2, cold vulnerability 1, float, innate
caster, hp casting, extra vitality 1
a: Renounce Religion, Recite, Donate Gold


You were on level 2 of the Dungeon.
You worshipped Zin.
Zin was aware of your devotion.
You visited 1 branch of the dungeon, and saw 2 of its levels.

You collected 52 gold pieces.
You donated 5 gold pieces to Zin.

Inventory:

Hand Weapons
 a - a +0 falchion (weapon)
Missiles
 d - 5 boomerangs of dispersal (quivered)
Armour
 b - a +0 leather armour (worn)
Jewellery
 f - a ring of willpower (left hand)
Scrolls
 c - a scroll of blinking
 g - 2 scrolls of identify {unknown}
 h - a scroll of fear {unknown}
 i - a scroll of teleportation {unknown}
Potions
 e - a potion of curing {unknown}
 j - a potion of experience {unknown}


   Skills:
 - Level 2.0 Fighting
 + Level 3.6 Long Blades
 - Level 0.7 Throwing
 - Level 1.0 Armour
 - Level 2.1 Dodging
 - Level 2.4 Spellcasting
 + Level 0.1 Invocations


You couldn't memorise any spells.
You knew the following spells:

 Your Spells              Type           Power      Damage    Failure   Level
a - Blink                 Tloc           N/A        N/A       16%         2
b - Lesser Beckoning      Tloc           4%         N/A       30%         3
c - Gell's Gravitas       Tloc           4%         N/A       30%         3
d - Teleport Other        Tloc           9%         N/A       30%         3
e - Manifold Assault      Tloc           9%         N/A       95%         5
f - Beastly Appendage     Tmut           18%        N/A       10%         1
Your spell library was empty.

Dungeon Overview and Level Annotations

Branches:
Dungeon (2/15)

Altars:
Zin


Innate Abilities, Weirdness & Mutations

You are immune to sickness and miasma.
You are immune to poison.
Your flesh is very heat resistant. (rF++)
You are vulnerable to cold. (rC-)
You float through the air rather than walking.
You learn spells naturally, not from books.
Your magical power is your life essence.
You have superior vitality. (+4 HP)


Message History

Unknown command.
You fail to use your ability.
The hobgoblin hits you. The adder bites you.
A hobgoblin comes into view.
You closely miss the adder.
The adder is moderately wounded.
The adder barely misses you.
The hobgoblin hits you but does no damage.
The dart slug closely misses you.
You riposte.
You hit the dart slug.
The dart slug is heavily wounded.
You hit the adder.
The adder is severely wounded.
The adder bites you.
* * * LOW HITPOINT WARNING * * *
The hobgoblin hits you.
* * * LOW HITPOINT WARNING * * *
The dart slug launches a dart at you. The slug dart misses you.
The adder completely misses you.
You riposte.
You barely miss the adder.
The adder is severely wounded.
You closely miss the adder.
The adder is severely wounded.
The hobgoblin hits you.
* * * LOW HITPOINT WARNING * * *
The adder bites you but does no damage.
The hobgoblin hits you but does no damage.
The dart slug barely misses you.
You barely miss the adder.
The adder is severely wounded.
The adder bites you.
* * * LOW HITPOINT WARNING * * *
The hobgoblin hits you but does no damage.
The hobgoblin barely misses you. The adder misses you.
You riposte.
You miss the adder.
The adder is severely wounded.
You closely miss the adder.
The adder is severely wounded.
The hobgoblin hits you.
* * * LOW HITPOINT WARNING * * *
The adder bites you but does no damage. The hobgoblin hits you.
You die...

.# . ###.
... #.#
#.######
#.?g@..#
#<.Sg..#
#.†.w..#
#......#
#......#
.......#
##.##...#
###.#..#
..#


You could see an adder, a dart slug and 2 hobgoblins.

Vanquished Creatures
  A gnoll (D:1)
  4 dart slugs (D:1)
  An endoplasm (D:1)
  A giant cockroach (D:1)
  4 goblins (D:1)
  7 hobgoblins
  2 jackals (D:1)
  3 ball pythons (D:1)
  4 bats (D:1)
  2 frilled lizards (D:1)
  A kobold (D:1)
  3 rats
33 creatures vanquished.

Notes
Turn   | Place    | Note
-------+----------+-------------------------------------------
     0 | D:1      | Leeroy the Djinni Warper began the quest for the Orb.
     0 | D:1      | Reached XP level 1. HP: 18/18 MP: 0/0
    14 | D:1      | Reached skill level 2 in Long Blades
   126 | D:1      | Reached XP level 2. HP: 23/23 MP: 0/0
   437 | D:1      | Reached XP level 3. HP: 12/28 MP: 0/0
   437 | D:1      | Learned a level 1 spell: Beastly Appendage
   442 | D:1      | Reached skill level 3 in Long Blades
   667 | D:1      | Found a faded altar of an unknown god.
   682 | D:1      | Became a worshipper of Zin the Law-Giver
   682 | D:1      | Reached * piety under Zin
  1104 | D:1      | Reached XP level 4. HP: 20/33 MP: 0/0
  1611 | D:2      | Slain by a hobgoblin

Illustrated notes

Levels and vault maps discovered:
D:1:      shiori_arrival_oz, layout_loops_ring, ebering_ecumenical_altar_rust,
          chequers_serial_rivers_large_b, serial_bayou_crossing
D:2:      layout_basic, minmay_heptomino_d4, uniq_sigmund

Skill      XL: |  1  2  3 |
---------------+----------+-----
Long Blades    | 2 3 |  3.6
Fighting       | |  2.0
Throwing       | |  0.7
Armour         | |  1.0
Dodging        | |  2.1
Spellcasting   | |  2.4
Invocations    | |  0.1

Action                   |  1- 3 |  4- 6 || total
-------------------------+-------+-------++-------
Melee: Falchion          |   101 |    17 ||   118
Invok: Recite            |     2 |     1 ||     3
Armor: Leather armour    |    27 |    12 ||    39
Dodge: Dodged            |    66 |    23 ||    89
       Rpst.: Falchion   |    25 |     8 ||    33

Table legend: (Time is in decaauts)
 A = Elapsed time spent in this place.
 B = Non-inter-level travel time spent in this place.
 C = Inter-level travel time spent in this place.
 D = Time resting spent in this place.
 E = Time spent auto-exploring this place.
 F = Levels seen in this place.
 G = Mean time per level.
                   A        B        C        D        E       F      G
               +--------+--------+--------+--------+--------+-----+--------+
         Total |   1629 |   1610 |     19 |      0 |   1378 |   2 |  814.5 |
       Dungeon |   1629 |   1610 |     19 |      0 |   1378 |   2 |  814.5 |
               +--------+--------+--------+--------+--------+-----+--------+

Top non-repeatable levels by time:
     D:1: 1604 daAuts
     D:2: 24 daAuts
